 Dungeon Crawl Stone Soup version 0.29.0-7-g18a832c13a (webtiles) character file.

Game seed: 17307792298528569731

5430 Pooter the Cleaver (level 10, -4/90 HPs)
             Began as a Minotaur Berserker on Aug 30, 2022.
             Was a Priest of Trog.
             Slain by a vault guard
             ... wielding a +0 broad axe
              (12 damage)
             ... in a bailey.
             The game lasted 00:38:22 (8666 turns).

Pooter the Cleaver (Minotaur Berserker)             Turns: 8666, Time: 00:38:22

Health: -4/90      AC: 13    Str: 25    XL:     10   Next: 40%
Magic:  9/9        EV:  7    Int:  6    God:    Trog [***...]
Gold:   141        SH:  5    Dex:  9    Spells: 9/9 levels left

rFire   . . .      SeeInvis .   a - +0 war axe (vorpal)
rCold   . . .      Faith    .   (no shield)
rNeg    . . .      Spirit   .   O - +0 plate armour
rPois   .          Reflect  +   r - +2 hat
rElec   .          Harm     .   e - scarf {shadows}
rCorr   .          Rampage  .   (no gloves)
Will    +....                   (no boots)
Stlth   ..........              J - amulet of reflection
HPRegen 0.25/turn               g - ring of flight
MPRegen 0.11/turn               P - ring of willpower

@: on berserk cooldown, flying, slowed, invisible, very slow
A: horns 2, retaliatory headbutt
a: Renounce Religion, Berserk, Trog's Hand


You were in a bailey.
You worshipped Trog.
Trog was most pleased with you.
You visited 1 branch of the dungeon, and saw 8 of its levels.
You also visited: Sewer and Bailey.

You collected 471 gold pieces.
You spent 330 gold pieces at shops.

Inventory:

Hand Weapons
 a - a +0 vorpal war axe (weapon)
   (You found it in a sewer)
 b - a +0 shortbow
   (You took it off a centaur on level 6 of the Dungeon)
 z - the +7 rapier of Plog {holy, Dex+5}
   (You found it on level 3 of the Dungeon)

   It has been blessed by the Shining One to cause great damage to the undead
   and demons.
   Dex:       It affects your dexterity (+5).
 A - a +0 morningstar
   (You found it on level 4 of the Dungeon)
 H - a +2 dire flail
   (You took it off a wight on level 5 of the Dungeon)
 L - a +0 sling
   (You took it off a goblin on level 2 of the Dungeon)
 M - a +2 antimagic flail
   (You took it off an orc on level 6 of the Dungeon)
Missiles
 i - 6 poisoned darts
 n - 3 throwing nets {!f}
 p - 4 javelins
 w - 2 boomerangs (quivered)
 F - a curare-tipped dart
 Q - 70 stones
Armour
 e - a scarf of shadows (worn)
   (You found it on level 2 of the Dungeon)
 r - a +2 hat (worn)
   (You found it on level 3 of the Dungeon)
 O - a +0 plate armour (worn)
   (You found it on level 6 of the Dungeon)
Jewellery
 g - a ring of flight (left hand)
   (You found it on level 1 of the Dungeon)
 J - an amulet of reflection (around neck)
   (You bought it in a shop on level 4 of the Dungeon)
 N - a +6 ring of intelligence
   (You took it off Maggie on level 6 of the Dungeon)
 P - a ring of willpower (right hand)
   (You found it on level 7 of the Dungeon)
Wands
 k - a wand of roots (26)
   (You found it on level 6 of the Dungeon)
 x - a wand of acid (1)
   (You took it off Ijyb on level 4 of the Dungeon)
 y - a wand of charming (5)
   (You took it off Pikel on level 4 of the Dungeon)
Scrolls
 h - a scroll of blinking
 s - a scroll of immolation {!r}
 t - 5 scrolls of teleportation {@r4}
 u - 2 scrolls of butterflies {unknown}
 B - a scroll of fear {unknown}
 I - a scroll of vulnerability {unknown}
 K - a scroll of noise {unknown}
Potions
 c - a potion of berserk rage {unknown}
 d - a potion of invisibility
 f - 3 potions of curing {@q1}
 j - 4 potions of haste {@q3}
 l - 3 potions of mutation {!q}
 m - a potion of flight {unknown}
 o - 2 potions of heal wounds {unknown}
 q - 2 potions of might {unknown}
 v - a potion of lignification {unknown}
 C - a potion of cancellation {unknown}
 D - a potion of resistance {unknown}
 E - a potion of brilliance {unknown}


   Skills:
 + Level 8.5 Fighting
 * Level 11.6 Axes
 * Level 9.8 Ranged Weapons
 - Level 2.4 Armour
 - Level 2.1 Dodging
 + Level 5.1 Evocations


You had 9 spell levels left.
You didn't know any spells.
Your spell library was empty.

Dungeon Overview and Level Annotations

Branches:
Dungeon (8/15)             Temple (0/1) D:4           Sewer (visited)
 Bailey (1/1)
   Lair: D:8-11

Altars:
Ashenzari
Dithmenos
Gozag
Kikubaaqudgha
Nemelex Xobeh
Okawaru
Wu Jian
Yredelemnul
The Shining One

Shops:
D:4 =   D:8 :

Annotations:
D:5 1 runed translucent door, 1 exclusion, Crazy Yiuf


Innate Abilities, Weirdness & Mutations

You have a pair of horns on your head.
You reflexively headbutt those who attack you in melee.


Message History

Your skin crawls.
You feel strong-willed.
You start resting.
Something unseen opens the door.
You fade into invisibility!
Something hits you! Something completely misses you. Something hits you!
The roots erupt in riotous growth!
You hear a loud, deep croak!
Something hits you!
A red film seems to cover your vision as you go berserk!
You feel yourself moving faster!
You feel mighty! Something hits you.
You feel a strong urge to attack something.
You block something's attack.
You feel your anger nearly subside.
You are no longer berserk.
You are exhausted.
You feel yourself slow down.
There is an open door, spattered with blood here.
Unknown command.
Something hits you!
You hit something but do no damage. Your headbutt misses something.
Something hits you. Something hits you.
* * * LOW HITPOINT WARNING * * *
You hit something. Your headbutt misses something. Something hits you!
* * * LOW HITPOINT WARNING * * *
You miss something. Something hits you but does no damage.
You hit something but do no damage. Your headbutt misses something.
Something hits you but does no damage. Something hits you!
* * * LOW HITPOINT WARNING * * *
You hit something but do no damage. Your headbutt misses something.
You feel the effects of Trog's Hand fading.
Something hits you.
* * * LOW HITPOINT WARNING * * *
You slash something! Something hits you!
* * * LOW HITPOINT WARNING * * *
You block something's attack.
You slash something! Something hits you.
* * * LOW HITPOINT WARNING * * *
You closely miss something.
Your skin stops crawling.
You feel less strong-willed. Something hits you!
You die...

####≈F))≈#
+..#≈.)†≈#
##..###'###
#...#.....#
#...#.....#
#...####..#
#))..#†...#
#+#'#...)..##
##.@.##....##
#.....######
#.∩.∩.#
#.....#
##...## #####


There were no monsters in sight!

Vanquished Creatures
  Pikel (D:4)
  Maggie (D:6)
  A komodo dragon (D:6)
  Prince Ribbit (D:5)
  Eustachio (D:5)
  Sigmund (D:6)
  3 humans (Bailey)
  Menkaure (D:6)
  An orc warrior (Bailey)
  2 black bears (D:6)
  4 sky beasts
  4 ogres
  A centaur (D:6)
  A kobold brigand (D:5)
  A phantom (D:6)
  10 bullfrogs
  A necrophage (D:3)
  A gnoll sergeant (D:4)
  4 scorpions
  3 wights (D:5)
  2 howler monkeys (D:6)
  5 jellies
  4 hounds
  2 orc priests
  5 iguanas
  Ijyb (D:4)
  4 orc wizards
  16 adders
  6 gnolls
  A river rat (Sewer)
  2 white imps
  An ufetubus (D:5)
  A dart slug (D:2)
  3 worms
  24 orcs
  5 bats
  14 endoplasms
  10 giant cockroaches
  15 goblins
  A hobgoblin (D:2)
  6 jackals
  4 quokkas
  13 ball pythons
  3 frilled lizards (Sewer)
  7 kobolds
  5 rats
203 creatures vanquished.

Vanquished Creatures (others)
  14 plants
14 creatures vanquished.

Grand Total: 217 creatures vanquished

Notes
Turn   | Place    | Note
-------+----------+-------------------------------------------
     0 | D:1      | Pooter the Minotaur Berserker began the quest for the Orb.
     0 | D:1      | Reached XP level 1. HP: 19/19 MP: 0/0
    99 | D:1      | Reached skill level 4 in Axes
   255 | D:1      | Reached XP level 2. HP: 27/27 MP: 1/1
   903 | D:2      | Reached XP level 3. HP: 32/33 MP: 2/2
  1065 | D:2      | Identified the +1 robe of Tenacity {rN++ Int+2 Dex+6}
  1468 | D:3      | Reached skill level 1 in Ranged Weapons
  1764 | D:3      | Reached skill level 5 in Axes
  1829 | D:3      | Reached ** piety under Trog
  1878 | D:3      | Reached XP level 4. HP: 26/41 MP: 3/3
  2041 | D:3      | Identified the +7 rapier of Plog {holy, Dex+5}
  2143 | D:3      | Found a faded altar of an unknown god.
  2440 | D:4      | Noticed Ijyb
  2447 | D:4      | Reached XP level 5. HP: 47/47 MP: 4/4
  2452 | D:4      | Killed Ijyb
  2618 | D:3      | Reached skill level 6 in Axes
  2618 | D:3      | Reached XP level 6. HP: 55/55 MP: 5/5
  2655 | D:3      | Reached skill level 5 in Fighting
  2683 | D:4      | Found a sparkling altar of Nemelex Xobeh.
  2683 | D:4      | Found an ancient bone altar of Kikubaaqudgha.
  2683 | D:4      | Found a glowing golden altar of the Shining One.
  2694 | D:4      | Noticed Pikel
  2708 | D:4      | Killed Pikel
  2709 | D:4      | Reached skill level 7 in Axes
  2709 | D:4      | Reached skill level 5 in Ranged Weapons
  2709 | D:4      | Reached skill level 1 in Evocations
  2709 | D:4      | Reached XP level 7. HP: 41/62 MP: 6/6
  2854 | D:4      | Found Zuphoume's Jewellery Shop.
  3012 | D:4      | Found a staircase to the Ecumenical Temple.
  3185 | D:4      | Found an iron altar of Okawaru.
  3188 | D:4      | Found a basalt altar of Yredelemnul.
  3190 | D:4      | Found an ornate altar of the Wu Jian Council.
  3194 | D:4      | Found an opulent altar of Gozag.
  3195 | D:4      | Found a shadowy altar of Dithmenos.
  3227 | D:5      | Entered Level 5 of the Dungeon
  3243 | D:5      | Reached XP level 8. HP: 70/70 MP: 7/7
  3340 | D:5      | Reached skill level 8 in Axes
  3570 | D:5      | Noticed Prince Ribbit
  3578 | D:5      | Killed Prince Ribbit
  3803 | D:5      | Found a broken altar of Ashenzari.
  3884 | D:5      | Noticed Eustachio
  3891 | D:5      | Killed Eustachio
  4791 | D:5      | Reached skill level 9 in Axes
  4881 | D:5      | Found a runed translucent door.
  4882 | D:5      | Noticed Crazy Yiuf
  5227 | D:6      | Found a glowing drain.
  5235 | Sewer    | Entered a sewer
  5601 | Sewer    | Found a viscous altar of Jiyva.
  5684 | Sewer    | Reached XP level 9. HP: 73/78 MP: 8/8
  5752 | D:6      | Noticed Menkaure
  5754 | D:6      | Killed Menkaure
  5754 | D:6      | Reached *** piety under Trog
  6013 | D:6      | Noticed a komodo dragon
  6134 | D:6      | Killed a komodo dragon
  6135 | D:6      | Reached skill level 10 in Axes
  6413 | D:4      | Bought an amulet of reflection for 330 gold pieces
  6484 | D:6      | Noticed Sigmund
  6488 | D:6      | Killed Sigmund
  6860 | D:6      | Noticed Maggie
  6878 | D:6      | Killed Maggie
  7366 | D:7      | Reached XP level 10. HP: 88/88 MP: 9/9
  7544 | D:7      | Reached skill level 11 in Axes
  8320 | D:8      | Found Rissuil's Book Shop.
  8354 | D:8      | Found a flagged portal.
  8390 | Bailey   | Entered a bailey
  8467 | Bailey   | Reached skill level 5 in Evocations
  8637 | Bailey   | Noticed a vault guard
  8666 | Bailey   | Slain by a vault guard

Illustrated notes

Levels and vault maps discovered:
D:1:      eino_arrival_tree_alley, layout_basic
D:2:      layout_basic, minmay_split_cup_large
D:3:      layout_basic, hellmonk_ecumenical_altar_leap_of_faith
D:4:      layout_basic, nicolae_overflow_hallway_of_the_gods,
          minmay_temple_entry_offerings, grunt_ministairs_11,
          minmay_shop_grid_forest, nicolae_grassy_gnolls, uniq_pikel, uniq_ijyb
D:5:      cheibrodos_two_vegetables, layout_basic, general_overflow_altar,
          st_stairs_1, uniq_eustachio, uniq_prince_ribbit1,
          uniq_crazy_yiuf_cottage
D:6:      layout_gridville, gup_sewer_entry_bubbles, minmay_increasing_density,
          uniq_menkaure, uniq_sigmund, uniq_maggie
D:7:      layout_basic
D:8:      layout_basic, elyvilon_altar_4, mainiacjoe_overflow_alcove_2,
          enter_bailey_3, serial_shops, nicolae_shop_window_shopping,
          nicolae_shop_window_shopping, nrook_pool_corridor
Bailey:   bailey_axe_froggy_fort_hellmonk, bailey

Skill      XL: |  1  2  3  4  5  6  7  8  9 10 |
---------------+-------------------------------+-----
Axes           | 4 5 6 7 9 10 11 | 11.6
Fighting       | 4 5 6 8 |  8.5
Ranged Weapons | 1 2 3 5 7 9 |  9.8
Evocations     | 1 2 3 4 5 |  5.1
Armour         | |  2.4
Dodging        | |  2.1

Action                   |  1- 3 |  4- 6 |  7- 9 | 10-12 || total
-------------------------+-------+-------+-------+-------++-------
Melee: Hand axe          |    31 |       |       |       ||    31
       Flail             |    38 |     5 |     8 |       ||    51
       Headbutt          |    11 |    12 |    46 |    11 ||    80
       Rapier            |       |    50 |    10 |       ||    60
       Punch             |       |     1 |       |     1 ||     2
       Morningstar       |       |       |    32 |       ||    32
       Dire flail        |       |       |   119 |       ||   119
       War axe           |       |       |    65 |    95 ||   160
 Fire: Sling             |    14 |       |     8 |       ||    22
       Shortbow          |       |       |    11 |     7 ||    18
Throw: Boomerang         |       |       |     8 |       ||     8
Invok: Berserk           |     1 |     3 |     8 |     4 ||    16
       Trog's Hand       |       |     1 |     1 |     6 ||     8
Evoke: Wand              |       |       |    13 |     2 ||    15
  Use: Scroll            |     3 |       |     7 |     1 ||    11
       Potion            |       |       |       |     1 ||     1
Armor: Animal skin       |     3 |       |       |       ||     3
       Chain mail        |    46 |    41 |   103 |       ||   190
       Plate armour      |       |       |     8 |    49 ||    57
Dodge: Dodged            |    48 |    39 |    81 |    19 ||   187
Block: Other             |       |       |    10 |    25 ||    35
       Reflection        |       |       |     6 |       ||     6
